 Dungeon Crawl Stone Soup version 0.30-a0-626-gd6a5dd7a1f (webtiles) character file.

Game seed: 16217625172949783099

1372 OTABOTABOTAB the Caller (level 8, -3/36 HPs)
             Began as a Felid Summoner on Jan 12, 2023.
             Was an Initiate of Gozag.
             Slain by a bullfrog (5 damage)
             ... on level 8 of the Dungeon.
             The game lasted 00:32:54 (8339 turns).

OTABOTABOTAB the Caller (Felid Summoner)            Turns: 8339, Time: 00:32:55

Health: -3/36      AC:  2    Str: 10    XL:     8   Next: 38%
Magic:  17/17      EV: 21    Int: 25    God:    Gozag
Gold:   456        SH:  0    Dex: 16    Spells: 5/18 levels left
                                        Lives:  0   Deaths: 2

rFire   . . .      SeeInvis +    (weapon unavailable)
rCold   . . .      Faith    .    (shield unavailable)
rNeg    . . .      Spirit   .    (body armour unavailable)
rPois   .          Reflect  .    (helmet unavailable)
rElec   .          Harm     .    (cloak unavailable)
rCorr   .          Rampage  .    (gloves unavailable)
Will    +....                    (boots unavailable)
Stlth   ++                       n - amulet of magic regeneration
HPRegen 0.26/turn                l - +6 ring of strength
MPRegen 0.55/turn                I - +6 ring of intelligence

@: quick
A: very small, claws 1, fangs 3, see invisible, speed 1, shaggy fur 2, stealthy
paws, no weapons or thrown items, no armour, multi-lived
a: Renounce Religion, Potion Petition, Call Merchant, Bribe Branch


You were on level 8 of the Dungeon.
You worshipped Gozag.
Gozag was aware of your devotion.
You visited 2 branches of the dungeon, and saw 9 of its levels.

You collected 537 gold pieces.
You paid 81 gold pieces to Gozag.

Inventory:

Missiles
 a - 3 curare-tipped darts
Jewellery
 e - an amulet of regeneration
   (You found it on level 2 of the Dungeon)
 f - a ring of fire {rF+, rC-}
   (You found it on level 2 of the Dungeon)
 l - a +6 ring of strength (left paw)
   (You found it on level 3 of the Dungeon)
 n - an amulet of magic regeneration (around neck)
   (You found it on level 4 of the Dungeon)
 I - a +6 ring of intelligence (right paw)
   (You found it on level 6 of the Dungeon)
 W - a ring of willpower
   (You found it on level 5 of the Dungeon)
Wands
 d - a wand of light (4)
   (You found it on level 7 of the Dungeon)
 p - a wand of paralysis (5)
   (You found it on level 8 of the Dungeon)
 q - a wand of flame (17)
   (You found it on level 5 of the Dungeon)
Scrolls
 b - a scroll of identify {@r1}
 c - a scroll of poison {unknown}
 i - a scroll of fog
 j - a scroll of noise {!r}
 m - 3 scrolls of amnesia
 D - a scroll of blinking {!r}
 O - a scroll of silence
 Y - 3 scrolls of teleportation {@r3}
Potions
 h - 2 potions of magic
 G - a potion of ambrosia {!q}
 H - a potion of haste
 J - 5 potions of curing {@q1}
 M - a potion of might
 N - 4 potions of heal wounds {@q2}
 T - a potion of berserk rage {!q}


   Skills:
 + Level 4.9 Fighting
 + Level 7.2 Dodging
 - Level 2.6 Stealth
 + Level 5.9 Spellcasting
 - Level 5.0 Hexes
 + Level 7.3 Summonings
 + Level 3.2 Air Magic


You had 5 spell levels left.
You knew the following spells:

 Your Spells              Type           Power      Damage    Failure   Level
a - Summon Small Mammal   Summ           100%       N/A       1%          1
b - Call Canine Familiar  Summ           44%        N/A       1%          3
c - Call Imp              Summ           44%        N/A       1%          2
d - Summon Guardian Gole  Hex/Summ       38%        N/A       1%          3
e - Summon Lightning Spi  Summ/Air       33%        N/A       9%          4

Your spell library contained the following spells:

 Spells                   Type           Power      Damage    Failure   Level
 Tukima's Dance           Hex            32%        N/A       3%          3
 Apportation              Tloc           14%        N/A       8%          1
 Gell's Gravitas          Tloc           7%         N/A       22%         3
 Lesser Beckoning         Tloc           14%        N/A       22%         3
 Teleport Other           Tloc           7%         N/A       22%         3
 Alistair's Intoxication  Tmut/Pois      4%         N/A       91%         5
 Blade Hands              Tmut           3%         N/A       91%         5
 Orb of Destruction       Conj           3%         9d5       100%        7
 Spellforged Servitor     Conj/Summ      12%        N/A       100%        7
 Portal Projectile        Hex/Tloc       Unusable   N/A       N/A         3

Dungeon Overview and Level Annotations

Branches:
Dungeon (8/15)             Temple (1/1) D:6
   Lair: D:8-11

Altars:
Dithmenos
Gozag
Nemelex Xobeh
Sif Muna
Wu Jian
Xom

Shops:
D:1 [   D:2 (   D:4 (


Innate Abilities, Weirdness & Mutations

You have sharp claws.
You have razor-sharp teeth.
You have supernaturally acute eyesight. (SInv)
You cover ground quickly. (Speed+)
You are covered in thick fur. (AC +2)
Your paws help you pounce on unaware monsters.
You are incapable of wielding weapons or throwing items.
You cannot wear armour.
You gain extra lives every three experience levels.


Message History

You now have 456 gold pieces (gained 9).
You swap places.
There is an escape hatch in the floor here.
Your quokka disappears in a puff of smoke!
A bullfrog comes into view.
The bullfrog gives a loud, deep croak!
A wyvern comes into view.
You now have 14/17 mp.
What are your orders? t - Meow!
Orders for allies: a - Attack new target. r - Retreat! s - Stop attacking. g - Guard the area. f - Follow me.
Anything else - Cancel.
Gang up on whom?
Aim: a bullfrog (ally target) Attack!
Something barely misses your hound.
Your hound completely misses the bullfrog.
The bullfrog barely misses your hound.
Your hound closely misses the bullfrog.
The bullfrog closely misses your hound.
Your hound closely misses the bullfrog.
The bullfrog closely misses your hound.
Your quokka disappears in a puff of smoke!
Your hound bites the bullfrog.
The bullfrog barely misses your hound.
Your hound closely misses the bullfrog.
MP restored: 17 What are your orders? t - Meow!
Orders for allies: a - Attack new target. p - Attack previous target. r - Retreat! s - Stop attacking. g - Guard the area. f - Follow me.
Anything else - Cancel.
Gang up on whom?
Aim: a bullfrog (lightly wounded, ally target)
Okay, then.
A guardian golem appears, shielding your allies.
The bullfrog closely misses your hound.
Your hound closely misses the bullfrog.
The bullfrog misses your hound.
You now have 14/17 mp.
Your hound bites the bullfrog.
The wyvern bites your hound. The bullfrog hits your hound.
The jelly hits your guardian golem.
Your guardian golem is splashed with acid.
The wyvern closely misses your hound.
Your hound barely misses the bullfrog.
The bullfrog barely misses your hound. The wyvern bites your hound!
Your hound bites the wyvern but does no damage.
The jelly hits your guardian golem but does no damage.
The bullfrog misses your hound.
Your hound bites the wyvern.
The wyvern bites your hound! The bullfrog closely misses your hound.
The jelly hits your guardian golem but does no damage.
The wyvern closely misses your hound.
Your hound misses the wyvern. The bullfrog hits your hound.
Your hound dies!
Your hound's corpse disappears in a puff of smoke!
The jelly hits your guardian golem but does no damage.
The bullfrog swells and bulges.
MP restored: 17 The wyvern attacks as you move away!
The wyvern completely misses you. The jelly closely misses you.
The wyvern attacks as you move away! The wyvern closely misses you.
The wyvern completely misses you. The jelly barely misses you.
The bullfrog hits your guardian golem.
Your guardian golem overheats!
The wyvern attacks as you move away! The wyvern completely misses you.
The wyvern attacks as you move away!
The wyvern bites you but does no damage.
The wyvern attacks as you move away! The wyvern completely misses you.
The wyvern barely misses you. The wyvern attacks as you move away!
The wyvern completely misses you. The wyvern misses you.
The wyvern attacks as you move away! The wyvern bites you.
The bullfrog closely misses you.
You take 3 damage, and have 33/36 hp.
The wyvern attacks as you move away! The wyvern bites you!
The bullfrog closely misses you.
You take 8 damage, and have 25/36 hp.
MASSIVE DAMAGE!!
The bullfrog attacks as you move away! The bullfrog hits you.
The wyvern misses you.
You take 5 damage, and have 20/36 hp.
The wyvern attacks as you move away! The wyvern bites you!
* * * LOW HITPOINT WARNING * * *
You take 15 damage, and have 5/36 hp.
MASSIVE DAMAGE!!
The bullfrog attacks as you move away! The bullfrog barely misses you.
The bullfrog closely misses you. The bullfrog attacks as you move away!
The bullfrog hits you.
* * * LOW HITPOINT WARNING * * *
You take 4 damage, and have 1/36 hp.
The bullfrog attacks as you move away! The bullfrog completely misses you.
The wyvern completely misses you. The bullfrog attacks as you move away!
The bullfrog barely misses you. The bullfrog attacks as you move away!
The bullfrog barely misses you. The bullfrog attacks as you move away!
The bullfrog hits you but does no damage.
The bullfrog closely misses you.
There is a stone staircase leading up, spattered with blood here.
The bullfrog hits you.
You die...
Your body crumbles into a pile of gold.

###.....................
... $
#..........#...9...#.### ..
#.#...........#......####..
#.#.........###..)........#
#................9....## .#
.....##......####J#.#.###.#
)....#...##..##...........#
#...........###lF.......###
#...........###.@.......##
..............#..........#
...........##....[.......#
#.......)...............##
#####......###..........#
.#####.....# ##.........#
[........### ##.#.....##
#######..#### #..#.......
######....###.###...(...$


You could see a wyvern, a bullfrog (ally target), a jelly and a friendly
guardian golem (summoned, inner flame).

Vanquished Creatures (collateral kills)
  Duvessa (D:5)
  An ice beast (D:8)
  2 sky beasts
  3 black bears
  2 ogres
  A wolf (D:8)
  A phantom (D:5)
  A kobold brigand (D:6)
  A bullfrog (D:7)
  A scorpion (D:4)
  Dowan (D:5)
  4 killer bees (D:7)
  2 wyvern simulacra (D:8)
  3 hounds
  2 orc priests
  Crazy Yiuf (D:3)
  4 iguanas
  4 orc wizards
  6 adders
  A shadow imp (D:4)
  An ufetubus (D:7)
  2 worms (D:3)
  4 dart slugs
  30 orcs
  4 ball pythons
  3 bats
  5 endoplasms
  4 giant cockroaches
  5 goblins
  5 hobgoblins
  10 jackals
  7 kobolds
  A quokka (D:1)
  3 frilled lizards
  4 rats
130 creatures vanquished.

Vanquished Creatures (others)
  A wyvern (D:7)
  A steam dragon (D:7)
  A bullfrog (D:7)
  A killer bee (D:7)
  A jelly (D:6)
  An orc wizard (D:5)
6 creatures vanquished.

Grand Total: 136 creatures vanquished

Notes
Turn   | Place    | Note
-------+----------+-------------------------------------------
     0 | D:1      | OTABOTABOTAB the Felid Summoner began the quest for the
                  | Orb.
     0 | D:1      | Reached XP level 1. HP: 7/7 MP: 4/4
   526 | D:1      | Reached XP level 2. HP: 11/11 MP: 4/6
   529 | D:1      | Learned a level 2 spell: Call Imp
   595 | D:1      | Found Peomnu Neuge's Armour Shop.
  1365 | D:2      | Found Ywauh's Weapon Emporium.
  1401 | D:2      | Reached XP level 3. HP: 14/14 MP: 4/8
  1405 | D:2      | Learned a level 3 spell: Call Canine Familiar
  2236 | D:3      | Reached skill level 3 in Spellcasting
  2409 | D:3      | Reached XP level 4. HP: 18/18 MP: 1/9
  2421 | D:3      | Reached skill level 5 in Summonings
  2798 | D:3      | Learned a level 3 spell: Summon Guardian Golem
  2823 | D:3      | Reached XP level 5. HP: 21/21 MP: 11/11
  2852 | D:3      | Found a runed translucent door.
  2853 | D:3      | Noticed Crazy Yiuf
  2890 | D:3      | Killed Crazy Yiuf
  2999 | D:3      | You fall into a shaft and drop 2 floors!
  2999 | D:5      | Entered Level 5 of the Dungeon
  3046 | D:4      | Reached skill level 1 in Hexes
  3387 | D:3      | Reached skill level 3 in Dodging
  4064 | D:4      | Reached skill level 1 in Fighting
  4434 | D:4      | Noticed an ogre
  4443 | D:4      | Killed an ogre
  4444 | D:4      | Reached skill level 4 in Spellcasting
  4444 | D:4      | Reached skill level 2 in Hexes
  4444 | D:4      | Gained mutation: You are covered in thick fur. (AC +2)
                  | [Felid growth]
  4444 | D:4      | Reached XP level 6. HP: 25/25 MP: 6/13
  4449 | D:4      | Learned a level 4 spell: Summon Lightning Spire
  4612 | D:4      | Found Tucet's Weapon Shop.
  4655 | D:4      | HP: 6/25 [black bear (4)]
  4656 | D:4      | Mangled by a black bear
  4657 | D:4      | Reached XP level 5. HP: -6/22 MP: 11/12
  4661 | D:4      | Killed a black bear
  4799 | D:4      | Reached skill level 2 in Fighting
  4799 | D:4      | Reached skill level 4 in Dodging
  4799 | D:4      | Reached skill level 3 in Hexes
  4799 | D:4      | Reached XP level 6. HP: 26/26 MP: 13/13
  5247 | D:5      | Reached skill level 6 in Summonings
  5299 | D:5      | Reached skill level 4 in Hexes
  5299 | D:5      | Reached XP level 7. HP: 30/30 MP: 14/14
  5702 | D:5      | Noticed Duvessa
  5702 | D:5      | Noticed Dowan
  5719 | D:5      | Killed Duvessa
  5720 | D:5      | Reached skill level 3 in Fighting
  5720 | D:5      | Reached skill level 5 in Dodging
  5736 | D:5      | Killed Dowan
  6474 | D:6      | Reached skill level 5 in Spellcasting
  6474 | D:6      | Reached skill level 5 in Hexes
  6474 | D:6      | Reached skill level 1 in Air Magic
  6474 | D:6      | Reached XP level 8. HP: 34/34 MP: 16/16
  6826 | D:6      | Found a staircase to the Ecumenical Temple.
  6835 | Temple   | Entered the Ecumenical Temple
  6842 | Temple   | Became a worshipper of Gozag Ym Sagoz the Greedy
  7071 | D:7      | Reached skill level 6 in Dodging
  7081 | D:7      | Reached skill level 4 in Fighting
  7081 | D:7      | Reached skill level 2 in Air Magic
  7196 | D:7      | Reached skill level 7 in Summonings
  7256 | D:7      | HP: 5/36 [something] (10)]
  7257 | D:7      | Engulfed by a steam dragon's steam
  7258 | D:7      | Reached XP level 7. HP: -10/33 MP: 15/16
  7304 | D:7      | Killed a steam dragon
  7305 | D:7      | Reached XP level 8. HP: 17/36 MP: 17/17
  8216 | D:8      | Reached skill level 7 in Dodging
  8216 | D:8      | Reached skill level 3 in Air Magic
  8332 | D:8      | HP: 4/36 [wyvern (16)]
  8334 | D:8      | HP: 1/36 [bullfrog (4)]
  8339 | D:8      | Slain by a bullfrog

Illustrated notes

Levels and vault maps discovered:
D:1:      lemuel_arrival_tunnels, layout_loops_corners, serial_shops,
          nicolae_shop_crystal, glass_columns_a, serial_park_tiny_pond
D:2:      layout_basic, serial_shops, shop
D:3:      layout_basic, uniq_crazy_yiuf_cottage
D:4:      layout_basic, serial_shops, shop
D:5:      layout_loops_corners, nicolae_ossuary_entry_ruins,
          chequers_serial_rivers_marsh, uniq_duvessa
D:6:      layout_basic, temple_hall
D:7:      layout_loops_ring, chequers_serial_rivers_room_a
D:8:      layout_rooms, grunt_temple_overflow_open, david_lair_shrubbed,
          serial_ice, serial_ice_a, serial_ice_b, serial_ice_f, serial_ice_l
Temple:   compressed_dpeg_circular_temple

Skill      XL: |  1  2  3  4  5  6  7  8 |
---------------+-------------------------+-----
Spellcasting   | 3 4 5 |  5.9
Summonings     | 5 6 7 |  7.3
Hexes          | 3 4 5 |  5.0
Dodging        | 4 5 7 |  7.2
Fighting       | 2 3 4 |  4.9
Air Magic      | 1 3 |  3.2
Stealth        | |  2.6

Action                   |  1- 3 |  4- 6 |  7- 9 || total
-------------------------+-------+-------+-------++-------
 Cast: Summon Small Mamm |    35 |    11 |    11 ||    57
       Call Imp          |    22 |    15 |    12 ||    49
       Call Canine Famil |     1 |    41 |    27 ||    69
       Summon Guardian G |       |       |    13 ||    13
  Use: Scroll            |       |    10 |     5 ||    15
Armor: Skin              |     2 |       |     2 ||     4
Dodge: Dodged            |    19 |    22 |    49 ||    90

Table legend: (Time is in decaauts)
 A = Elapsed time spent in this place.
 B = Non-inter-level travel time spent in this place.
 C = Inter-level travel time spent in this place.
 D = Time resting spent in this place.
 E = Time spent auto-exploring this place.
 F = Levels seen in this place.
 G = Mean time per level.
                   A        B        C        D        E       F      G
               +--------+--------+--------+--------+--------+-----+--------+
         Total |   7210 |   7023 |    187 |    417 |   4717 |   9 |  801.1 |
       Dungeon |   7197 |   7014 |    183 |    417 |   4717 |   8 |  899.6 |
        Temple |     12 |      8 |      4 |      0 |      0 |   1 |   12.0 |
               +--------+--------+--------+--------+--------+-----+--------+

Top non-repeatable levels by time:
     D:3: 1605 daAuts
     D:1: 1167 daAuts
     D:5: 1027 daAuts
     D:7: 905 daAuts
     D:4: 799 daAuts
     D:6: 782 daAuts
     D:2: 634 daAuts
     D:8: 275 daAuts
  Temple: 12 daAuts

Table legend:
 A = Kills in this place as a percentage of kills in entire the game.
 B = Kills by you in this place as a percentage of kills by you in the entire game.
 C = Kills by friends in this place as a percentage of kills by friends in the entire game.
 D = Other kills in this place as a percentage of other kills in the entire game.
 E = Experience gained in this place as a percentage of experience gained in the entire game.
 F = Experience gained in this place divided by the number of levels of this place that you have seen.
                   A       B       C       D       E      F
               +-------+-------+-------+-------+-------+----------------------
         Total | 100.0 |   N/A | 100.0 | 100.0 | 100.0 | 391.8
       Dungeon | 100.0 |   N/A | 100.0 | 100.0 | 100.0 | 440.8
               +-------+-------+-------+-------+-------+----------------------
